 Dungeon Crawl Stone Soup version 0.29-a0-1027-gcd8c55af63 (webtiles) character file.

Game seed: 9502450444588123409

99981 Manisian the Fighter (level 15, -2/114 HPs)
             Began as a Demonspawn Necromancer on Aug 12, 2022.
             Was the Champion of Hepliaklqana.
             Shot with an arrow by Vashnia (33 damage)
             ... on level 3 of the Snake Pit.
             The game lasted 01:08:10 (26379 turns).

Manisian the Fighter (Demonspawn Necromancer)      Turns: 26379, Time: 01:08:10

Health: -2/114     AC: 27    Str: 25    XL:     15   Next: 79%
Magic:  0/25       EV:  9    Int: 17    God:    Hepliaklqana [******]
Gold:   432        SH: 13    Dex: 16    Spells: 23/27 levels left

rFire   . . .      SeeInvis +   E - +7 demon trident (vamp)
rCold   + . .      Faith    .   g - +0 kite shield
rNeg    . . .      Spirit   +   U - +3 plate armour {Will+}
rPois   .          Reflect  +   (helmet unavailable)
rElec   .          Harm     .   K - +0 cloak {Will+}
rCorr   .          Rampage  .   H - +2 pair of gloves {Str+3}
Will    +++..                   y - +0 pair of boots
Stlth   ..........              o - amulet of reflection
HPRegen 0.29/turn               Y - ring of Miudeon {Fly rC+ Str+7 Dex+2}
MPRegen 0.38/turn               F - ring of see invisible

@: lethally poisoned (-2 -> -3), on berserk cooldown, flying, slowed, very slow
A: reduced essence, horns 3, thin metallic scales 1, spiny 3, magic shield,
magic regeneration
a: Renounce Religion, Recall Ancestor, Ancestor Identity, Transference, Idealise


You were on level 3 of the Snake Pit.
You worshipped Hepliaklqana.
Hepliaklqana was exalted by your worship.
You visited 5 branches of the dungeon, and saw 23 of its levels.
You also visited: Ossuary.

You collected 4278 gold pieces.
You spent 3846 gold pieces at shops.

Inventory:

Hand Weapons
 a - a +2 sling of flaming
 q - a +3 mace of protection
 E - a +7 vampiric demon trident (weapon)
Missiles
 j - 7 atropa-tipped darts
 l - 23 poisoned darts (quivered)
 m - 3 curare-tipped darts
Armour
 g - a +0 kite shield (worn)
 y - a +0 pair of boots (worn)
 H - a +2 pair of gloves of strength (worn)
 K - a +0 cloak of willpower (worn)
 U - a +3 plate armour of willpower (worn)
Magical Staves
 x - a staff of death
Jewellery
 o - an amulet of reflection (around neck)
 u - the amulet of Lourublo {Fragile rN+ Will+ Regen+ Dex+6}
   (You acquired it on level 3 of the Dungeon)

   [amulet of regeneration]

   Dex:       It affects your dexterity (+6).
   rN:        It protects you from negative energy.
   Regen:     It increases your rate of health regeneration.
   Fragile:   It will be destroyed if unequipped.
   Will:      It increases your willpower.
 A - the ring "Sativa Itima" {Str+6 Int+3 Dex+3}
   (You acquired it on level 7 of the Dungeon)

   [ring of strength]

   Str:       It affects your strength (+6).
   Int:       It affects your intelligence (+3).
   Dex:       It affects your dexterity (+3).
 C - a ring of positive energy
 F - a ring of see invisible (right hand)
 O - a ring of resist corrosion
 Y - the ring of Miudeon (left hand) {Fly rC+ Str+7 Dex+2}
   (You bought it in a shop on level 2 of the Orcish Mines)

   [ring of flight]

   Str:       It affects your strength (+7).
   Dex:       It affects your dexterity (+2).
   rC:        It protects you from cold.
   Fly:       It grants you flight.
Wands
 z - a wand of paralysis (15)
 G - a wand of mindburst (5)
 I - a wand of flame (87)
 L - a wand of acid (1)
 N - a wand of iceblast (5)
Scrolls
 d - 4 scrolls of magic mapping
 h - 4 scrolls of identify
 i - a scroll of torment
 p - 6 scrolls of teleportation
 B - a scroll of fog
 P - 3 scrolls of amnesia
 Q - 3 scrolls of fear
Potions
 b - 3 potions of magic
 c - 2 potions of ambrosia
 e - 4 potions of degeneration
 f - 3 potions of haste
 k - 6 potions of brilliance
 n - 7 potions of curing
 r - 5 potions of flight
 s - 3 potions of attraction
 t - 2 potions of lignification
 v - 7 potions of mutation
 R - a potion of resistance
 T - a potion of might


   Skills:
 + Level 14.9 Fighting
 - Level 3.2 Maces & Flails
 - Level 14.0 Polearms
 + Level 0.5 Throwing
 + Level 12.6 Armour
 + Level 7.9 Dodging
 - Level 2.0 Stealth
 - Level 1.1 Shields
 - Level 6.7 Spellcasting
 - Level 9.8 Necromancy
 + Level 2.3 Evocations


You had 23 spell levels left.
You knew the following spells:

 Your Spells              Type           Power      Damage    Failure   Level
a - Necrotise             Necr           100%       1d9       6%          1
b - Vampiric Draining     Necr           39%        2d8       19%         3

Your spell library contained the following spells:

 Spells                   Type           Power      Damage    Failure   Level
 Sublimation of Blood     Necr           39%        N/A       10%         2
 Animate Dead             Necr           39%        N/A       52%         4
 Agony                    Necr           39%        N/A       86%         5
 Beastly Appendage        Tmut           10%        N/A       98%         1
 Freeze                   Ice            20%        1d4       98%         1
 Wereblood                Tmut           5%         N/A       99%         2
 Anguish                  Hex/Necr       11%        N/A       99%         4
 Frozen Ramparts          Ice            10%        1d2       100%        3
 Ozocubu's Armour         Ice            5%         N/A       100%        3
 Spider Form              Tmut/Pois      5%         N/A       100%        3
 Hailstorm                Conj/Ice       5%         3d4       100%        4
 Leda's Liquefaction      Hex/Erth       2%         N/A       100%        4
 Petrify                  Tmut/Erth      5%         N/A       100%        4
 Irradiate                Conj/Tmut      2%         3d12      100%        5
 Lee's Rapid Deconstruct  Erth           2%         3d6*      100%        5
 Metabolic Englaciation   Hex/Ice        2%         N/A       100%        5
 Silence                  Hex/Air        2%         N/A       100%        5
 Simulacrum               Ice/Necr       11%        N/A       100%        6
 Statue Form              Tmut/Erth      3%         N/A       100%        6
 Ozocubu's Refrigeration  Ice            2%         4d8       100%        7


Dungeon Overview and Level Annotations

Branches:
Dungeon (12/15)            Temple (1/1) D:7            Lair (5/5) D:10
 Shoals (0/4) Lair:3        Snake (3/4) Lair:2        Slime (0/5) Lair:4
    Orc (2/2) D:10            Elf (0/3) Orc:2       Ossuary (visited)

Altars:
Ashenzari
Cheibriados
Dithmenos
Fedhas
Gozag
Hepliaklqana
Kikubaaqudgha
Makhleb
Nemelex Xobeh
Okawaru
Qazlal
Ru
Sif Muna
Trog
Uskayaw
Vehumet
Wu Jian
Xom
Yredelemnul
Jiyva

Shops:
D:8 *   D:12 [   Orc:2 (!?=?(   Snake:1 (   Snake:2 *   Snake:3 =

Annotations:
D:8 exclusion: statue
Lair:1 exclusion: oklob plant
Lair:5 1 runed translucent door
Snake:3 Vashnia


Innate Abilities, Weirdness & Mutations

Your life essence is reduced to manifest your ancestor. (-10% HP)
You have a pair of large horns on your head.
You are partially covered in thin metallic scales. (AC +2)
You are completely covered in sharp spines.
When hurt, damage is shared between your health and your magic reserves.
You regenerate magic rapidly.


Message History

Vashnia wields a +7 scimitar of freezing.
It glows with a cold blue light!
You block Vashnia's attack.
You impale Vashnia!!
You feel better.
Your headbutt misses Vashnia.
Vashnia is heavily wounded.
Vashnia spits poison at you.
The splash of poison hits you but does no damage.
You are poisoned.
You puncture Vashnia!
You feel better.
Vashnia is heavily wounded.
You feel sick.
Vashnia unwields a +7 scimitar of freezing.
Vashnia wields a +0 longbow.
Vashnia shoots an arrow.
You reflect the arrow off an invisible shield around you!
The arrow hits Vashnia!!
You miss Vashnia.
Vashnia is severely wounded.
You feel sick.
Vashnia unwields a +0 longbow.
Vashnia wields a +7 scimitar of freezing.
It glows with a cold blue light!
Vashnia hits you with a +7 scimitar of freezing!
Unknown command.
You hit Vashnia but do no damage.
Vashnia is severely wounded.
You feel sick.
Vashnia unwields a +7 scimitar of freezing.
Vashnia wields a +0 longbow.
Vashnia shoots an arrow.
The arrow hits you!!
* * * LOW HITPOINT WARNING * * *
Unknown command.
You hit Vashnia but do no damage.
Vashnia is severely wounded.
You feel sick. Vashnia spits poison at you.
The splash of poison reflects off an invisible shield around you!
The splash of poison misses Vashnia.
Unknown command.
You hit Vashnia.
You feel better.
Vashnia is severely wounded.
Dusana emerges from the mists of memory!
You feel sick.
Vashnia shoots an arrow.
The arrow hits you!!!
You die...

#.........#........
#...............(..
#.........##..# ##. .
##.........#..###.. ..
###.............##... ...
..............###... ....
#..R......##..^.... .....
##....#..###.###...
......#####.@...#.## #.#....†
.....)).....N.....####.#.....
#...#######.(................
# #.....#............
#.....#.####.#.....
#.....#......##....
#....###.######.... ##..##
#..# #.#.. #..#####.# #.###


You could see the friendly Dusana the knight and Vashnia (catching breath, ally
target).

Vanquished Creatures
  A boulder beetle (D:12)
  2 anacondas
  A catoblepas (Lair:5)
  8 hydras
  A centaur warrior (D:10)
  3 naga warriors
  2 death yaks
  4 naga sharpshooters (Snake:3)
  An orc high priest (Orc:2)
  Nergalle (D:10)
  3 shock serpents (Snake:1)
  2 salamander mystics
  2 lindwurms (Lair:5)
  2 mana vipers (Snake:1)
  An oklob plant (Lair:5)
  3 orc sorcerers (Orc:2)
  Maurice (D:10)
  6 salamanders
  15 elephants
  6 torpor snails
  24 black mambas
  Joseph (D:10)
  5 naga magi
  8 cane toads
  Psyche (D:9)
  A gargoyle (D:10)
  3 rime drakes
  7 komodo dragons
  2 unseen horrors (D:11)
  2 trolls
  3 tyrant leeches (Lair:5)
  A blink frog (Lair:5)
  A polar bear (Lair:5)
  3 slime creatures (D:12)
  5 hornets (Lair:5)
  A dream sheep (Lair:4)
  3 shadows
  5 wyverns
  A wraith (D:12)
  53 yaks
  2 vampires (D:12)
  A fire elemental (Lair:3)
  7 fire bats (Lair:3)
  3 basilisks
  2 steam dragons (D:8)
  5 vampire mosquitoes (D:10)
  A warg (Orc:2)
  14 nagas
  2 ice beasts
  19 orc warriors
  25 water moccasins
  4 black bears
  18 wolves
  6 ogres
  4 centaurs
  A kobold brigand (D:8)
  11 bullfrogs
  2 gnoll sergeants
  5 water moccasin zombies (Ossuary)
  5 wights
  7 killer bees
  4 electric eels
  3 howler monkeys
  3 hounds
  A jelly (D:7)
  17 orc priests
  Jessica (D:2)
  2 iguanas (D:5)
  22 orc wizards
  2 mummies (Ossuary)
  3 gnolls (D:9)
  8 adders
  2 white imps
  An ufetubus (D:5)
  5 adder zombies (Ossuary)
  2 worms
  7 dart slugs
  57 orcs
  6 endoplasms
  6 giant cockroaches
  2 gnoll zombies (Ossuary)
  2 goblins
  9 hobgoblins
  3 quokkas
  9 ball pythons
  4 bats
  A goblin zombie (D:5)
  5 hobgoblin zombies (Ossuary)
  6 kobolds
  10 kobold zombies (Ossuary)
  2 orc zombies (Ossuary)
  A quokka zombie (D:5)
  10 rats
555 creatures vanquished.

Vanquished Creatures (collateral kills)
  2 salamander tyrants (Snake:2)
  An anaconda (Snake:2)
  2 catoblepae (Lair:4)
  4 death yaks
  3 naga warriors
  2 shock serpents
  A naga sharpshooter (Snake:2)
  A salamander mystic (Snake:2)
  3 naga ritualists
  An orc sorcerer (Orc:2)
  A mana viper (Snake:1)
  An ugly thing (D:12)
  4 salamanders
  A manticore (Lair:5)
  A guardian serpent (Snake:1)
  3 naga magi
  6 black mambas
  A gargoyle (D:12)
  5 cane toads
  2 torpor snails
  A rime drake (Lair:1)
  3 komodo dragons
  A troll (D:11)
  A tyrant leech (Lair:5)
  A hornet (Lair:5)
  A blink frog (Lair:4)
  2 slime creatures (D:12)
  2 dream sheep (Lair:5)
  10 yaks
  A shadow (D:12)
  2 wyverns (D:10)
  A fire bat (Lair:3)
  4 basilisks
  11 nagas
  An acid dragon (D:9)
  4 water moccasins
  6 orc warriors
  A black bear (Lair:1)
  3 wolves
  An ogre (Orc:1)
  A bullfrog (Lair:4)
  2 wights (D:9)
  6 killer bees
  An electric eel (Lair:5)
  4 orc priests (Orc:2)
  5 orc wizards (Orc:2)
  A gnoll (D:9)
  A dart slug (D:1)
  17 orcs
  An endoplasm (D:1)
  2 kobolds (D:8)
143 creatures vanquished.

Vanquished Creatures (others)
  15 knights
  4 ancestors
  10 fungi
  31 plants
60 creatures vanquished.

Grand Total: 758 creatures vanquished

Notes
Turn   | Place    | Note
-------+----------+-------------------------------------------
     0 | D:1      | Manisian the Demonspawn Necromancer began the quest for the
                  | Orb.
     0 | D:1      | Reached XP level 1. HP: 13/13 MP: 3/3
   232 | D:1      | Gained mutation: You have a pair of small horns on your
                  | head. [demonic ancestry]
   232 | D:1      | Reached XP level 2. HP: 19/19 MP: 0/5
   544 | D:1      | Reached skill level 5 in Necromancy
   690 | D:1      | Reached XP level 3. HP: 24/24 MP: 3/6
  1152 | D:1      | Found a faded altar of an unknown god.
  2099 | D:2      | Noticed Jessica
  2108 | D:2      | Learned a level 3 spell: Vampiric Draining
  2117 | D:2      | Killed Jessica
  2118 | D:2      | Gained mutation: You have a pair of horns on your head.
                  | [demonic ancestry]
  2118 | D:2      | Reached XP level 4. HP: 30/30 MP: 4/8
  2806 | D:3      | Got the Commentary on the Oath
  3090 | D:3      | You fall into a shaft and drop 2 floors!
  3090 | D:5      | Entered Level 5 of the Dungeon
  3115 | D:5      | Gained mutation: You are partially covered in sharp spines.
                  | [demonic ancestry]
  3115 | D:5      | Reached XP level 5. HP: 32/35 MP: 10/10
  3209 | D:5      | Noticed an ogre
  3245 | D:5      | Noticed an ogre
  3256 | D:5      | Killed an ogre
  3282 | D:5      | Reached skill level 1 in Maces & Flails
  3476 | D:5      | Gained mutation: You have a pair of large horns on your
                  | head. [demonic ancestry]
  3476 | D:5      | Reached XP level 6. HP: 41/41 MP: 4/12
  3524 | D:5      | Found a sand-covered staircase.
  3534 | Ossuary  | Entered an ossuary
  3633 | Ossuary  | Reached skill level 1 in Fighting
  3633 | Ossuary  | Reached XP level 7. HP: 28/48 MP: 12/14
  5244 | D:3      | Identified a scroll of acquirement
  5244 | D:3      | Acquired the amulet of Lourublo {Fragile rN+ Will+ Regen+
                  | Dex+6}
  5386 | D:4      | Found an ornate altar of the Wu Jian Council.
  5902 | D:5      | Reached skill level 5 in Spellcasting
  6007 | D:6      | Acquired a +2 demon trident of electrocution
  6277 | D:6      | Gained mutation: You regenerate magic rapidly. [demonic
                  | ancestry]
  6277 | D:6      | Reached XP level 8. HP: 42/55 MP: 15/15
  6283 | D:6      | Reached skill level 1 in Shields
  6946 | D:6      | Reached skill level 1 in Polearms
  7094 | D:6      | Acquired a +0 pair of gloves of strength
  7900 | D:7      | Found a staircase to the Ecumenical Temple.
  7917 | D:7      | Reached skill level 1 in Evocations
  7920 | D:7      | Gained mutation: You are partially covered in thin metallic
                  | scales. (AC +2) [demonic ancestry]
  7920 | D:7      | Reached XP level 9. HP: 51/61 MP: 17/17
  7931 | Temple   | Entered the Ecumenical Temple
  8149 | Temple   | Became a worshipper of Hepliaklqana the Forgotten
  8190 | D:7      | Found a hide-covered altar of Uskayaw.
  8451 | D:7      | Acquired the ring "Sativa Itima" {Str+6 Int+3 Dex+3}
  8693 | D:8      | Reached skill level 1 in Armour
  8843 | D:8      | Found a sacrificial altar of Ru.
  8924 | D:8      | Found a radiant altar of Vehumet.
  9018 | D:8      | Reached * piety under Hepliaklqana
  9204 | D:8      | Found Oppefawe's Assorted Antiques.
  9212 | D:8      | Bought a scale mail for 100 gold pieces
  9469 | D:9      | Noticed Psyche
  9991 | D:9      | Killed Psyche
  9992 | D:9      | Reached skill level 5 in Polearms
  9992 | D:9      | Reached XP level 10. HP: 62/63 MP: 20/20
 10374 | D:9      | Reached ** piety under Hepliaklqana
 10375 | D:9      | Remembered your ancestor Dusana as a knight
 10754 | D:10     | Entered Level 10 of the Dungeon
 10819 | D:10     | Found a staircase to the Orcish Mines.
 10890 | D:10     | Noticed Nergalle
 10902 | D:10     | Killed Nergalle
 11127 | D:10     | Noticed Joseph
 11132 | D:10     | Reached skill level 5 in Armour
 11147 | D:10     | Killed Joseph
 11208 | D:10     | Found a staircase to the Lair.
 11668 | D:10     | Noticed a gargoyle
 11677 | D:10     | Gained mutation: You are mostly covered in sharp spines.
                  | [demonic ancestry]
 11677 | D:10     | Reached XP level 11. HP: 58/70 MP: 21/21
 12184 | D:10     | Reached skill level 5 in Dodging
 12194 | D:11     | Reached skill level 5 in Fighting
 12221 | D:11     | Noticed an eight-headed hydra
 12337 | D:11     | Killed an eight-headed hydra
 13205 | D:12     | Noticed a five-headed hydra
 13210 | D:12     | Killed a five-headed hydra
 13293 | D:12     | Noticed a boulder beetle
 13300 | D:12     | Noticed a green ugly thing
 13428 | Lair:1   | Entered Level 1 of the Lair of Beasts
 13455 | Lair:1   | Reached XP level 12. HP: 80/80 MP: 22/22
 13650 | D:10     | Noticed Maurice
 13669 | D:10     | Killed Maurice
 13677 | D:10     | Noticed a centaur warrior
 13698 | D:10     | Killed a centaur warrior
 13699 | D:10     | Reached skill level 10 in Polearms
 14310 | Lair:1   | Reached *** piety under Hepliaklqana
 15196 | Lair:2   | Found a staircase to the Snake Pit.
 15763 | Lair:2   | Reached XP level 13. HP: 88/88 MP: 21/23
 16154 | Lair:3   | Reached **** piety under Hepliaklqana
 16929 | Lair:3   | Found a staircase to the Shoals.
 17643 | Lair:4   | Found a viscous altar of Jiyva.
 17663 | Lair:4   | Found a staircase to the Slime Pits.
 18143 | Lair:5   | Entered Level 5 of the Lair of Beasts
 18690 | Lair:4   | Gained mutation: When hurt, damage is shared between your
                  | health and your magic reserves. [demonic ancestry]
 18690 | Lair:4   | Reached XP level 14. HP: 90/98 MP: 24/24
 18694 | Lair:5   | Reached skill level 10 in Fighting
 19007 | Lair:5   | Reached skill level 10 in Armour
 19275 | Lair:5   | Acquired 1209 gold pieces
 19324 | Lair:5   | Found a runed translucent door.
 20287 | Orc:1    | Entered Level 1 of the Orcish Mines
 20537 | Orc:1    | Found Bikkym's Distillery.
 20585 | Orc:2    | Entered Level 2 of the Orcish Mines
 20585 | Orc:2    | Reached ***** piety under Hepliaklqana
 20585 | Orc:2    | Found a staircase to the Elven Halls.
 20890 | Orc:2    | Found Heiforch's Distillery.
 20906 | Orc:2    | Bought a potion of berserk rage for 60 gold pieces
 20906 | Orc:2    | Bought a potion of might for 48 gold pieces
 20906 | Orc:2    | Bought a potion of berserk rage for 60 gold pieces
 20987 | Orc:2    | Found Wunkyrai's Antique Weapon Emporium.
 21190 | Orc:2    | Found Kickyima's Magic Scroll Shoppe.
 21190 | Orc:2    | Found Miuwus's Antique Weapon Emporium.
 21190 | Orc:2    | Found Honnir's Magic Scroll Emporium.
 21196 | Orc:2    | Found Vaow's Jewellery Shoppe.
 21223 | Orc:2    | Bought 2 scrolls of enchant weapon for 195 gold pieces
 21223 | Orc:2    | Bought a scroll of enchant armour for 97 gold pieces
 21224 | Orc:2    | Bought a scroll of poison for 64 gold pieces
 21224 | Orc:2    | Bought a scroll of enchant weapon for 120 gold pieces
 21224 | Orc:2    | Bought a scroll of magic mapping for 120 gold pieces
 21224 | Orc:2    | Bought a scroll of enchant weapon for 120 gold pieces
 21224 | Orc:2    | Bought a scroll of enchant armour for 120 gold pieces
 21224 | Orc:2    | Bought a scroll of blinking for 120 gold pieces
 21225 | Orc:2    | Bought the ring of Miudeon {Fly rC+ Str+7 Dex+2} for 806
                  | gold pieces
 21997 | D:12     | Found a stormy altar of Qazlal.
 22077 | D:12     | Acquired 1060 gold pieces
 22240 | D:12     | Found Ylared's Armour Shoppe.
 22248 | D:12     | Bought a +2 chain mail of poison resistance for 203 gold
                  | pieces
 22534 | Snake:1  | Entered Level 1 of the Snake Pit
 22745 | Snake:1  | Gained mutation: You are completely covered in sharp
                  | spines. [demonic ancestry]
 22745 | Snake:1  | Reached XP level 15. HP: 108/109 MP: 23/25
 22786 | Snake:1  | Found a sparkling altar of Nemelex Xobeh.
 22870 | Snake:1  | Found Wiuts's Weapon Emporium.
 24068 | Snake:2  | Found Heowonwa's Assorted Antiques.
 24106 | Snake:2  | Bought a glowing cloak for 240 gold pieces
 24106 | Snake:2  | Bought a wand of acid (3) for 403 gold pieces
 24106 | Snake:2  | Bought a potion of haste for 320 gold pieces
 24327 | Snake:2  | Reached ****** piety under Hepliaklqana
 25551 | D:8      | Bought a runed plate armour for 650 gold pieces
 26128 | Snake:3  | Found Xeubbi's Jewellery Emporium.
 26327 | Snake:3  | Noticed Vashnia
 26364 | Snake:3  | HP: 2/114 [Vashnia/arrow (13)]
 26379 | Snake:3  | Shot with an arrow by Vashnia

Illustrated notes

Levels and vault maps discovered:
D:1:      lemuel_arrival_rhombus, layout_loops_ring,
          hellmonk_ecumenical_altar_inner_sanctum,
          chequers_serial_rivers_micro_e, st_stairs_11, minmay_cut_off
D:2:      layout_basic, kennysheep_cross_room, uniq_jessica
D:3:      layout_basic
D:4:      layout_rooms, kennysheep_little_box
D:5:      layout_basic, gup_sewer_entry_glass, enter_ossuary_4
D:6:      layout_gridville, serial_bayou_ford_a, minivault_24
D:7:      layout_basic, mainiacjoe_overflow_surrounded_room,
          minmay_temple_entry_statues_fountains, chequers_big_river,
          kennysheep_generic_room_14
D:8:      layout_basic, vehumet_statue, mainiacjoe_overflow_six_doors_small,
          serial_shops, shop
D:9:      layout_long_grid, uniq_psyche
D:10:     layout_layer_cave, minmay_lair_entry_grove, david_orc_2,
          minmay_increasing_density, uniq_joseph, uniq_nergalle, uniq_maurice
D:11:     layout_rooms, minmay_tree_intersection
D:12:     layout_basic, serial_shops, shop, nicolae_qazlal_scattered_showers
Temple:   regret_index_temple_chain_breaker
Lair:1:   minmay_lair_oklob_tunnel, layout_misc_corridors, minmay_hedge_maze,
          nicolae_quartered_pool_little, beast_lair_carwin_10
Lair:2:   layout_cave_pods, minmay_snake_entry_six_corridors, grunt_megastairs_4
Lair:3:   layout_gridlike, elwin_shoals_entry_rocks,
          grunt_forest_small_clearings
Lair:4:   nzn_winding_woodlands_small [nzn_winding_woodlands_5x15_concentric,
          nzn_winding_woodlands_center_garden,
          nzn_winding_woodlands_5x15_sidewinder], layout_hall_layers,
          slime_entry_1
Lair:5:   hangedman_lair_in_review, layout_cave_shapes, wormcave,
          small_statue_intersection, minmay_lair_oklob_items,
          infiniplex_staircase_pool, serial_bayou_shore_b
Snake:1:  layout_onion, basic_altar, serial_shops, nicolae_shop_trees
Snake:2:  layout_basic, serial_shops, shop, nicolae_triple_integral
Snake:3:  layout_gridlike, minmay_shop_star, uniq_vashnia
Orc:1:    layout_caves, basic_altar, serial_shops, nicolae_shop_behind_doors
Orc:2:    st_orc_mages, layout_caves, basic_altar, serial_shops,
          nicolae_shop_waterfront, shop

Skill      XL: |  1  2  3  4  5  6  7  8  9 10 11 12 13 14 15 |
---------------+----------------------------------------------+-----
Necromancy     | 5 6 7 9 |  9.8
Spellcasting   | 3 4 5 6 |  6.7
Stealth        | 2 |  2.0
Dodging        | 2 3 4 5 6 7 |  7.9
Maces & Flails | 1 2 3 |  3.2
Fighting       | 1 2 3 4 6 8 9 12 14 | 14.9
Shields        | 1 |  1.1
Polearms       | 2 5 7 9 12 14 | 14.0
Evocations     | 1 2 |  2.3
Armour         | 3 5 7 8 9 11 12 | 12.6
Throwing       | |  0.5

Action                   |  1- 3 |  4- 6 |  7- 9 | 10-12 | 13-15 || total
-------------------------+-------+-------+-------+-------+-------++-------
Melee: Unarmed           |    15 |       |       |       |       ||    15
       Mace              |    14 |    65 |    51 |       |       ||   130
       Headbutt          |     3 |     8 |    30 |    53 |   139 ||   233
       Demon trident     |       |       |    92 |   430 |  1027 ||  1549
       Punch             |       |       |     2 |     4 |     3 ||     9
 Fire: Sling             |     2 |       |       |       |       ||     2
Throw: Dart              |     3 |     3 |       |       |       ||     6
       Stone             |     1 |       |       |       |       ||     1
 Cast: Necrotise         |    65 |    33 |    98 |    55 |    75 ||   326
       Vampiric Draining |     1 |     3 |    11 |     6 |     6 ||    27
Invok: Ancestor Identity |       |       |     1 |       |       ||     1
       Ancestor Life: Kn |       |       |       |     1 |       ||     1
       Recall Ancestor   |       |       |       |     1 |     2 ||     3
Evoke: Wand              |       |       |     7 |     5 |     7 ||    19
  Use: Scroll            |     5 |     6 |    18 |    10 |    16 ||    55
       Potion            |       |       |       |     8 |    14 ||    22
 Stab: Sleeping          |     1 |     3 |     2 |       |       ||     6
       Distracted        |       |       |       |     5 |    11 ||    16
Armor: Robe              |     4 |    20 |    20 |       |       ||    44
       Scale mail        |       |       |    10 |    89 |   135 ||   234
       Ring mail         |       |       |     3 |       |       ||     3
       Chain mail        |       |       |       |       |    40 ||    40
       Plate armour      |       |       |       |       |    19 ||    19
Dodge: Dodged            |    25 |    49 |    68 |   113 |   209 ||   464
Block: Other             |       |    13 |    19 |    54 |     9 ||    95
       Reflection        |       |       |       |     5 |    22 ||    27
       Kite shield       |       |       |       |       |   281 ||   281

Table legend: (Time is in decaauts)
 A = Elapsed time spent in this place.
 B = Non-inter-level travel time spent in this place.
 C = Inter-level travel time spent in this place.
 D = Time resting spent in this place.
 E = Time spent auto-exploring this place.
 F = Levels seen in this place.
 G = Mean time per level.
                   A        B        C        D        E       F      G
               +--------+--------+--------+--------+--------+-----+--------+
         Total |  26285 |  24138 |   2147 |   4536 |  14481 |  24 | 1095.2 |
       Dungeon |  14693 |  13231 |   1462 |   2458 |   8310 |  12 | 1224.4 |
        Temple |    238 |    177 |     61 |      0 |    158 |   1 |  238.0 |
          Lair |   6165 |   5860 |    305 |    810 |   3837 |   5 | 1233.0 |
     Snake Pit |   3565 |   3353 |    212 |   1023 |   1485 |   3 | 1188.3 |
  Orcish Mines |   1274 |   1168 |    106 |    125 |    690 |   2 |  637.0 |
       Ossuary |    347 |    347 |      0 |    119 |      0 |   1 |  347.0 |
               +--------+--------+--------+--------+--------+-----+--------+

Top non-repeatable levels by time:
    D:10: 2080 daAuts
     D:1: 1771 daAuts
     D:5: 1672 daAuts
 Snake:1: 1623 daAuts
  Lair:5: 1615 daAuts
     D:9: 1542 daAuts
  Lair:2: 1327 daAuts
     D:7: 1312 daAuts
 Snake:2: 1312 daAuts
  Lair:3: 1239 daAuts
     D:6: 1179 daAuts
  Lair:4: 1130 daAuts
     D:8: 1043 daAuts
    D:11: 1042 daAuts
     D:2: 1027 daAuts
